 Dungeon Crawl Stone Soup version 0.27-a0-531-gb72ec1a1b6 (webtiles) character file.

Game seed: 15828098190704107925

14326 Froggeryz the Destroyer (level 11, -1/68 HPs)
             Began as a Deep Elf Conjurer on Mar 5, 2021.
             Was an Elder of Vehumet.
             Slain by a cane toad (11 damage)
             ... while petrified by a basilisk
             ... on level 2 of the Lair of Beasts.
             The game lasted 00:36:17 (14295 turns).

Froggeryz the Destroyer (Deep Elf Conjurer)        Turns: 14295, Time: 00:36:18

Health: -1/68      AC:  6    Str:  6    XL:     11   Next: 87%
Magic:  11/26      EV:  2    Int: 27    God:    Vehumet [****..]
Gold:   748        SH:  0    Dex: 19    Spells: 10/28 levels left

rFire    + . .     SeeInvis .   t - +6 mace of Kismet {vorpal, +Fly rElec rN+}
rCold    . . .     Faith    .   (no shield)
rNeg     + + +     Spirit   .   K - +0 robe of Recklessness {*Drain rF+ rCorr Int+2}
rPois    ∞         Reflect  .   x - +0 helmet
rElec    +         Harm     .   (no cloak)
rCorr    +         Rampage  .   g - +1 pair of gloves
Will     +....                  y - +0 pair of boots
Stlth    ++........             I - amulet of magic regeneration
HPRegen  0.21/turn              r - ring of flight
MPRegen  0.45/turn              z - +6 ring of dexterity

@: petrified
A: no striking features
a: Renounce Religion, Evoke Flight


You were on level 2 of the Lair of Beasts.
You worshipped Vehumet.
Vehumet was greatly pleased with you.
You visited 2 branches of the dungeon, and saw 11 of its levels.
You also visited: Sewer.

You collected 748 gold pieces.

Inventory:

Hand Weapons
 c - a +1 vampiric falchion
 m - a +1 dagger of electrocution
 t - the +6 mace of Kismet (weapon) {vorpal, +Fly rElec rN+}
   (You found it on level 6 of the Dungeon)

   It inflicts extra damage upon your enemies.
   It insulates you from electricity.
   It protects you from negative energy.
   It lets you fly.
Missiles
 e - 29 poisoned darts (quivered)
 G - 3 throwing nets
Armour
 g - a +1 pair of gloves (worn)
 x - a +0 helmet (worn)
 y - a +0 pair of boots (worn)
 A - a +3 ring mail of poison resistance
 K - the +0 robe of Recklessness (worn) {*Drain rF+ rCorr Int+2}
   (You found it on level 8 of the Dungeon)

   It affects your intelligence (+2).
   It protects you from fire.
   It provides partial protection from all sources of acid and corrosion.
   It causes draining when unequipped.
Jewellery
 r - a ring of flight (left hand)
 z - a +6 ring of dexterity (right hand)
 I - an amulet of magic regeneration (around neck)
 L - an amulet of regeneration
 O - a +4 ring of protection
Wands
 F - a wand of flame (21)
 J - a wand of charming (10)
Scrolls
 h - 2 scrolls of teleportation
 j - a scroll of fog
 o - 2 scrolls of enchant weapon
 q - 2 scrolls of fear {unknown}
 w - a scroll of torment {unknown}
 C - a scroll of immolation
 D - a scroll of vulnerability {unknown}
 E - 6 scrolls of identify
 H - 2 scrolls of amnesia
 M - a scroll of magic mapping {unknown}
Potions
 a - a potion of ambrosia {unknown}
 b - 2 potions of invisibility
 d - 4 potions of flight {unknown}
 f - 2 potions of mutation {unknown}
 i - 2 potions of magic {unknown}
 k - 6 potions of might
 l - 3 potions of haste {unknown}
 n - 3 potions of attraction {unknown}
 p - 6 potions of curing {unknown}
 s - 3 potions of resistance {unknown}
 u - 2 potions of cancellation {unknown}
 v - 2 potions of brilliance {unknown}
 B - 2 potions of lignification {unknown}
 N - a potion of degeneration {unknown}


   Skills:
 + Level 7.9 Fighting
 - Level 2.4 Dodging
 - Level 2.4 Stealth
 + Level 9.2 Spellcasting
 - Level 13.0 Conjurations
 * Level 11.2 Fire Magic


You had 10 spell levels left.
You knew the following spells:

 Your Spells              Type           Power      Damage    Failure   Level
b - Searing Ray           Conj           100%       3d7       1%          2
c - Iskenderun's Mystic   Conj/Tloc      47%        2d10      1%          4
d - Fireball              Conj/Fire      33%        3d14      1%          5
e - Sticky Flame          Conj/Fire      67%        2d8       1%          4
f - Mephitic Cloud        Conj/Pois/Air  35%        N/A       1%          3

Your spell library contained the following spells:

 Spells                   Type           Power      Damage    Failure   Level
 Magic Dart               Conj           100%       1d8       0%          1
 Foxfire                  Conj/Fire      100%       2x1d9     1%          1
 Sandblast                Erth           24%        2d8       1%          1
 Conjure Flame            Conj/Fire      67%        6-21      1%          3
 Dazzling Flash           Conj/Hex       94%        N/A       1%          3
 Inner Flame              Hex/Fire       43%        N/A       1%          3
 Stone Arrow              Conj/Erth      94%        3d12      1%          3
 Fulminant Prism          Conj/Hex       23%        3d13      1%          4
 Summon Small Mammal      Summ           48%        N/A       4%          1
 Call Imp                 Summ           12%        N/A       7%          2
 Passwall                 Tmut/Erth      10%        N/A       7%          2
 Call Canine Familiar     Summ           12%        N/A       14%         3
 Summon Guardian Golem    Hex/Summ       12%        N/A       14%         3
 Lee's Rapid Deconstruct  Erth           6%         3d7*      32%         5
 Petrify                  Tmut/Erth      12%        N/A       43%         4
 Summon Ice Beast         Ice/Summ       12%        N/A       43%         4
 Summon Lightning Spire   Summ/Air       12%        N/A       43%         4


Dungeon Overview and Level Annotations

Branches:
Dungeon (9/15)             Temple (0/1) D:6            Lair (2/6) D:9
    Orc (0/2) D:9           Sewer (visited)
  Swamp: Lair:2-4    Shoals: Lair:2-4     Snake: Lair:2-4    Spider: Lair:2-4

Altars:
Dithmenos
Fedhas
Hepliaklqana
Nemelex Xobeh
Qazlal
Ru
Trog
Vehumet
Xom
Yredelemnul
Zin
Beogh

Shops:
D:4 [   D:7 (


Message History

You are slowing down.
Unknown command.
The basilisk gazes at you.
You easily resist.
Your limbs are stiffening.
Casting: Fireball (dangerous; 1% risk of failure)
Confirm with . or Enter, or press ? or * to list all spells.
Aiming: Fireball (dangerous; 1% risk of failure)
Press: ? - help, Shift-Dir - straight line, f - yak
Aim: a yak (moderately wounded)
The fireball explodes!
The fireball engulfs the yak!!
The yak is almost dead.
A cane toad comes into view.
The yak barely misses you.
The cane toad moves out of view.
You have turned to stone.
A nearby plant withers and dies.
The yak gores you. The yak barely misses you.
A rime drake comes into view.
The basilisk hisses menacingly.
The basilisk gazes at you.
You easily resist.
The yak gores you! The cane toad stings you. The basilisk gazes at you.
A cane toad comes into view.
The yak gores you! The cane toad stings you!! The basilisk gazes at you.
The yak gores you but does no damage. The cane toad stings you.
The basilisk gazes at you.
You easily resist.
The yak gores you! The cane toad stings you!
A rime drake comes into view.
The cane toad stings you! The yak gores you! The cane toad stings you!
* * * LOW HITPOINT WARNING * * *
The yak gores you!
* * * LOW HITPOINT WARNING * * *
The rime drake bites you.
* * * LOW HITPOINT WARNING * * *
The cane toad stings you!!
You die...

......................[.
..#.###P...............
...## ##P..........#..
..## ##..........# ..#
#..#####...## ..# #..#
#....# ..P# #.## #...##
..## ..# #)..# .#
#P#@..# #.FYk.#
......F.l# #P...†......
##............
#..k....#.....#
#..............
#...........###
#...........#


You could see a yak, 2 cane toads, a basilisk and 2 rime drakes.

Vanquished Creatures
  Harold (D:7)
  A hydra (Lair:1)
  A two-headed ogre (D:8)
  An elephant (D:8)
  Joseph (D:7)
  2 rime drakes (Lair:1)
  7 cane toads
  A komodo dragon (D:9)
  A polar bear (D:9)
  A hornet (D:9)
  5 blink frogs
  Prince Ribbit (D:8)
  Sigmund (D:2)
  10 yaks
  3 basilisks
  8 water moccasins
  2 black bears
  5 ice beasts
  3 orc warriors
  Purgy (D:4)
  A sky beast (D:9)
  A wolf (D:8)
  3 centaurs
  A phantom (D:7)
  4 ogres
  9 bullfrogs
  Blork the orc (D:4)
  3 scorpions
  A wight (D:6)
  2 electric eels (D:9)
  3 howler monkeys
  3 bullfrog zombies
  A centaur zombie (D:8)
  A quasit (D:8)
  2 jellies
  4 hounds
  7 orc priests
  2 centaur skeletons (D:4)
  An iguana (D:5)
  A bullfrog skeleton (D:6)
  Ijyb (D:4)
  2 worker ants
  11 orc wizards
  2 hound zombies
  A howler monkey zombie (D:8)
  14 gnolls
  A worker ant zombie (D:6)
  12 adders
  A hound simulacrum (D:9)
  4 shadow imps
  14 white imps
  8 ufetubi
  2 oozes
  An adder zombie (D:6)
  4 worms
  2 dart slugs
  6 leopard geckos
  44 orcs
  6 ball pythons
  7 bats
  7 giant cockroaches
  10 goblins
  13 hobgoblins
  9 jackals
  9 kobolds
  7 quokkas
  13 frilled lizards
  2 jackal skeletons (D:5)
  A leopard gecko skeleton (D:6)
  A quokka skeleton (D:8)
  6 rats
328 creatures vanquished.

Vanquished Creatures (others)
  An ogre (D:6)
  A bullfrog (D:6)
  A jelly (D:6)
  An orc wizard (D:6)
  An orc (D:6)
  2 jackals (D:6)
  A jackal skeleton (D:6)
  4 fungi
  7 plants
19 creatures vanquished.

Grand Total: 347 creatures vanquished

Notes
Turn   | Place    | Note
-------+----------+-------------------------------------------
     0 | D:1      | Froggeryz the Deep Elf Conjurer began the quest for the
                  | Orb.
     0 | D:1      | Reached XP level 1. HP: 10/10 MP: 6/6
   476 | D:1      | Reached XP level 2. HP: 10/16 MP: 5/8
  1029 | D:1      | Reached skill level 5 in Conjurations
  1066 | D:1      | Reached XP level 3. HP: 20/20 MP: 8/10
  1444 | D:2      | Reached skill level 1 in Fighting
  1844 | D:2      | Noticed Sigmund
  2333 | D:2      | Killed Sigmund
  2334 | D:2      | Reached skill level 6 in Conjurations
  2334 | D:2      | Reached XP level 4. HP: 26/26 MP: 10/12
  2334 | D:2      | Reached XP level 5. HP: 30/30 MP: 11/14
  2543 | D:2      | Learned a level 2 spell: Searing Ray
  2615 | D:3      | Reached skill level 5 in Spellcasting
  2615 | D:3      | Reached XP level 6. HP: 19/35 MP: 9/15
  3077 | D:3      | Reached skill level 7 in Conjurations
  3275 | D:3      | Found a sparkling altar of Nemelex Xobeh.
  3944 | D:4      | Noticed Blork the orc
  4048 | D:4      | Noticed Purgy
  4060 | D:4      | Killed Purgy
  4061 | D:4      | Reached XP level 7. HP: 34/40 MP: 9/17
  4172 | D:4      | Killed Blork the orc
  4336 | D:4      | Reached skill level 8 in Conjurations
  4426 | D:4      | Found Cirpheve's Antique Armour Shoppe.
  4733 | D:4      | Noticed Ijyb
  4734 | D:4      | Paralysed by Ijyb for 3 turns
  4747 | D:4      | Paralysed by Ijyb for 7 turns
  4754 | D:4      | Killed Ijyb
  4843 | D:4      | Found a sacrificial altar of Ru.
  5008 | D:4      | Reached XP level 8. HP: 42/46 MP: 20/20
  5150 | D:5      | Entered Level 5 of the Dungeon
  5301 | D:5      | Reached skill level 9 in Conjurations
  6301 | D:6      | Found a shadowy altar of Dithmenos.
  6301 | D:6      | Found a radiant altar of Vehumet.
  6306 | D:6      | Became a worshipper of Vehumet
  6309 | D:6      | Found a basalt altar of Yredelemnul.
  6310 | D:6      | Found a glowing silver altar of Zin.
  6599 | D:6      | Reached skill level 10 in Conjurations
  6645 | D:6      | Found a staircase to the Ecumenical Temple.
  6714 | D:6      | Found a shimmering altar of Xom.
  6755 | D:6      | Reached XP level 9. HP: 29/52 MP: 18/23
  6805 | D:6      | Found a glowing drain.
  6816 | Sewer    | Entered a sewer
  6897 | Sewer    | Learned a level 4 spell: Iskenderun's Mystic Blast
  7321 | D:6      | Identified the +6 mace of Kismet {vorpal, +Fly rElec rN+}
  7363 | D:6      | Reached * piety under Vehumet
  7363 | D:6      | Offered knowledge of Sandblast by Vehumet.
  7370 | D:6      | Learned a level 5 spell: Fireball
  7562 | D:6      | Reached skill level 1 in Fire Magic
  8065 | D:7      | Found Qaelah's Weapon Shop.
  8269 | D:7      | Reached skill level 5 in Fighting
  8680 | D:7      | Found a hazy altar of Hepliaklqana.
  9094 | D:7      | Learned a level 4 spell: Sticky Flame
  9272 | D:8      | Noticed Harold
  9295 | D:7      | Killed Harold
  9296 | D:7      | Reached skill level 11 in Conjurations
  9449 | D:8      | Noticed a two-headed ogre
  9523 | D:8      | Reached skill level 5 in Fire Magic
  9537 | D:8      | Killed a two-headed ogre
  9538 | D:8      | Reached XP level 10. HP: 60/60 MP: 15/24
  9763 | D:8      | Noticed Joseph
  9877 | D:8      | Noticed Prince Ribbit
  9889 | D:8      | Killed Prince Ribbit
 10190 | D:8      | Offered knowledge of Shock by Vehumet.
 10190 | D:8      | Reached ** piety under Vehumet
 10664 | D:7      | Killed Joseph
 10926 | D:8      | Identified the +0 robe of Recklessness {*Drain rF+ rCorr
                  | Int+2}
 10963 | D:9      | Reached skill level 12 in Conjurations
 11448 | D:9      | Found a staircase to the Orcish Mines.
 11448 | D:9      | Noticed an elephant
 11533 | D:9      | Offered knowledge of Frozen Ramparts by Vehumet.
 12154 | D:8      | Killed an elephant
 12225 | D:9      | Reached *** piety under Vehumet
 12319 | D:9      | Reached XP level 11. HP: 60/66 MP: 13/25
 12492 | D:9      | Offered knowledge of Mephitic Cloud by Vehumet.
 12497 | D:9      | Learned a level 3 spell: Mephitic Cloud
 12682 | D:9      | Found a staircase to the Lair.
 12748 | D:9      | Found a bloodstained altar of Trog.
 12751 | D:9      | Found a sparkling altar of Nemelex Xobeh.
 12763 | D:9      | Found a blossoming altar of Fedhas.
 12766 | D:9      | Found a stormy altar of Qazlal.
 12991 | Lair:1   | Entered Level 1 of the Lair of Beasts
 13493 | Lair:1   | Noticed a four-headed hydra
 13494 | Lair:1   | Reached skill level 10 in Fire Magic
 13506 | Lair:1   | Killed a four-headed hydra
 13537 | Lair:1   | Reached skill level 13 in Conjurations
 13645 | Lair:1   | Reached **** piety under Vehumet
 14295 | Lair:2   | Slain by a cane toad

Illustrated notes

Levels and vault maps discovered:
D:1:      dpeg_arrival_circle_labyrinth_a, layout_loops_ring,
          minmay_pentomino_t4
D:2:      layout_rooms, uniq_sigmund
D:3:      layout_rooms, serial_corexii_hall, corexii_hall_statues_i,
          corexii_hall_statues_deadend, nemelex_dance_club_becter
D:4:      layout_basic, nicolae_overflow_crystal_walls, serial_shops, shop,
          uniq_blork_the_orc, uniq_purgy, uniq_ijyb
D:5:      layout_loops_ring, serial_bayou_pond_a, sigmund_army
D:6:      minmay_diamond_boxcup, layout_loops_ring, minitemple,
          xom_confusion_cloud, minmay_temple_entry_offerings,
          cheibrodos_sewer_entry_bend
D:7:      layout_gridville, nicolae_overflow_hidden_temple, serial_shops, shop,
          minivault_24, minmay_misc_feat_five
D:8:      layout_gridville, minmay_crystal_room, uniq_prince_ribbit1,
          uniq_joseph, uniq_harold
D:9:      layout_cave_pools, grunt_temple_overflow_cloverleaf,
          david_lair_generic, david_orc_5, serial_ice, serial_ice_o,
          serial_ice_n, serial_ice_i, serial_ice_c, serial_ice_a, serial_ice_m,
          amcnicky_mini_corridor_feature
Lair:1:   layout_hall_layers
Lair:2:   minmay_lair_venomous_thicket, layout_chaotic_city

Skill      XL: |  1  2  3  4  5  6  7  8  9 10 11 |
---------------+----------------------------------+-----
Conjurations   | 5 6 7 8 10 11 12 13 | 13.0
Fighting       | 2 3 4 5 6 7 |  7.9
Spellcasting   | 4 5 6 8 9 |  9.2
Fire Magic     | 5 8 11 | 11.2
Dodging        | |  2.4
Stealth        | |  2.4

Action                   |  1- 3 |  4- 6 |  7- 9 | 10-12 || total
-------------------------+-------+-------+-------+-------++-------
Melee: Short sword       |    22 |     1 |       |       ||    23
       Dagger            |       |     1 |    94 |       ||    95
       Mace              |       |       |    41 |    38 ||    79
Throw: Dart              |    22 |     5 |    11 |     4 ||    42
 Cast: Magic Dart        |    61 |    79 |   165 |    87 ||   392
       Searing Ray       |       |     9 |    22 |     2 ||    33
       Sticky Flame      |       |       |     6 |    35 ||    41
       Iskenderun's Myst |       |       |     4 |     2 ||     6
       Fireball          |       |       |       |    91 ||    91
 Abil: Evoke Flight      |       |       |     1 |       ||     1
  Use: Scroll            |       |       |     9 |     2 ||    11
       Potion            |       |       |     2 |       ||     2
 Stab: Sleeping          |     2 |       |     6 |       ||     8
Armor: Robe              |     3 |     6 |    32 |    32 ||    73
Dodge: Dodged            |    13 |    12 |   131 |   115 ||   271

Table legend: (Time is in decaauts)
 A = Elapsed time spent in this place.
 B = Non-inter-level travel time spent in this place.
 C = Inter-level travel time spent in this place.
 D = Time resting spent in this place.
 E = Time spent auto-exploring this place.
 F = Levels seen in this place.
 G = Mean time per level.
                   A        B        C        D        E       F      G
               +--------+--------+--------+--------+--------+-----+--------+
         Total |  14406 |  13719 |    687 |   3622 |   7238 |  12 | 1200.5 |
       Dungeon |  12927 |  12261 |    666 |   3297 |   6459 |   9 | 1436.3 |
          Lair |   1052 |   1031 |     21 |    122 |    692 |   2 |  526.0 |
         Sewer |    426 |    426 |      0 |    203 |     87 |   1 |  426.0 |
               +--------+--------+--------+--------+--------+-----+--------+

Top non-repeatable levels by time:
     D:8: 2207 daAuts
     D:1: 1817 daAuts
     D:7: 1802 daAuts
     D:6: 1405 daAuts
     D:3: 1377 daAuts
     D:4: 1372 daAuts
     D:9: 1225 daAuts
     D:5: 955 daAuts
  Lair:1: 893 daAuts
     D:2: 762 daAuts
   Sewer: 426 daAuts
  Lair:2: 159 daAuts
